 Dungeon Crawl Stone Soup version 0.28.0 (webtiles) character file.

Game seed: 7208461634460676196

4137 dolemite99 the Impaler (level 10, -15/70 HPs)
             Began as a Merfolk Abyssal Knight on Feb 6, 2022.
             Was a Believer of Lugonu.
             Demolished by a cyan ugly thing (16 damage)
             ... on level 12 of the Dungeon.
             The game lasted 00:11:11 (9385 turns).

dolemite99 the Impaler (Merfolk Abyssal Knight)     Turns: 9385, Time: 00:11:11

Health: -15/70     AC: 14    Str: 18    XL:     10   Next: 27%
Magic:  0/17       EV:  6    Int:  9    God:    Lugonu [**....]
Gold:   263        SH:  0    Dex: 15    Spells: 9/9 levels left

rFire   + . .      SeeInvis .   a - +0 halberd
rCold   . . .      Faith    .   (shield currently unavailable)
rNeg    . . .      Spirit   +   j - +0 plate armour
rPois   .          Reflect  .   c - +0 helmet
rElec   .          Harm     .   y - +1 cloak {Stlth+}
rCorr   .          Rampage  .   (no gloves)
Will    .....                   s - +0 pair of boots
Stlth   ..........              d - amulet of guardian spirit
HPRegen 0.21/turn               m - ring of protection from fire
MPRegen 0.15/turn               i - +4 ring of slaying

@: no status effects
A: (nimble swimmer 2), mertail
a: Renounce Religion, Depart the Abyss, Bend Space


You were on level 12 of the Dungeon.
You worshipped Lugonu.
Lugonu was pleased with you.
You visited 1 branch of the dungeon, and saw 10 of its levels.
You visited the Abyss 1 time.

You collected 368 gold pieces.
You spent 105 gold pieces at shops.

Inventory:

Hand Weapons
 a - a +0 halberd (weapon)
 b - a +2 dagger of electrocution
 e - a +0 short sword of freezing
 q - a +0 hunting sling
 z - a +0 shortbow
 C - a +1 spear
Missiles
 f - 286 stones
 g - 175 arrows
 k - 65 sling bullets
 r - 21 poisoned darts
 t - 2 curare-tipped darts
Armour
 c - a +0 helmet (worn)
 j - a +0 plate armour (worn)
 s - a +0 pair of boots (worn)
 x - a +2 buckler
 y - a +1 cloak of stealth (worn)
Jewellery
 d - an amulet of guardian spirit (around neck)
 i - a +4 ring of slaying (right hand)
 m - a ring of protection from fire (left hand)
 o - a +6 ring of strength
 D - a ring of positive energy
Wands
 p - a wand of polymorph (8)
 F - a wand of paralysis (10)
Scrolls
 n - 3 scrolls of blinking
 u - 4 scrolls of teleportation
 v - a scroll of torment
 w - 2 scrolls of amnesia
Potions
 h - 4 potions of curing
 l - 2 potions of brilliance
 B - 2 potions of ambrosia {unknown}
 E - a potion of mutation {unknown}


   Skills:
 - Level 3.2 Fighting
 - Level 16.0 Polearms
 - Level 1.5 Armour
 - Level 2.6 Dodging
 + Level 9.9 Invocations


You had 9 spell levels left.
You didn't know any spells.
Your spell library contained the following spells:

 Spells                   Type           Power      Damage    Failure   Level
 Call Canine Familiar     Summ           0%         N/A       100%        3
 Portal Projectile        Hex/Tloc       0%         N/A       100%        3
 Leda's Liquefaction      Hex/Erth       0%         N/A       100%        4
 Freezing Cloud           Conj/Ice/Air   0%         6-21      100%        5
 Simulacrum               Ice/Necr       0%         N/A       100%        6
 Polar Vortex             Ice            0%         N/A       100%        9


Dungeon Overview and Level Annotations

Branches:
Dungeon (9/15)             Temple (0/1) D:5
   Lair: D:8-11         Orc: D:9-12

Altars:
Cheibriados
Elyvilon
Gozag
Nemelex Xobeh
Trog
Yredelemnul

Shops:
D:4 ?

Annotations:
D:3 3 runed translucent doors, Grinder; sasquatch's ghost, amateur OgHu
D:4 Eustachio


Innate Abilities, Weirdness & Mutations

((You are very nimble when in or above water. (Stealth+, EV+, Speed+++)))
Your lower body shifts to a powerful aquatic tail in water.


Message History

The cyan ugly thing tentacle-slaps you but does no damage.
You barely miss the cyan ugly thing.
The cyan ugly thing is moderately wounded.
The cyan ugly thing barely misses you.
You completely miss the cyan ugly thing.
The cyan ugly thing is moderately wounded.
You closely miss the cyan ugly thing.
The cyan ugly thing is moderately wounded.
The cyan ugly thing tentacle-slaps you! The cyan ugly thing shocks you!
You hit the cyan ugly thing.
The cyan ugly thing is moderately wounded.
The cyan ugly thing barely misses you.
You closely miss the cyan ugly thing.
The cyan ugly thing is moderately wounded.
The cyan ugly thing tentacle-slaps you. The cyan ugly thing shocks you!
You slash the cyan ugly thing!
The cyan ugly thing is heavily wounded.
You puncture the cyan ugly thing!
The cyan ugly thing is severely wounded.
The cyan ugly thing tentacle-slaps you. The cyan ugly thing shocks you!
* * * LOW HITPOINT WARNING * * *
You feel much better.
The cyan ugly thing tentacle-slaps you but does no damage.
You barely miss the cyan ugly thing.
The cyan ugly thing is severely wounded.
The cyan ugly thing tentacle-slaps you. The cyan ugly thing shocks you!
You puncture the cyan ugly thing!
The cyan ugly thing is severely wounded.
You closely miss the cyan ugly thing.
The cyan ugly thing is severely wounded.
The cyan ugly thing tentacle-slaps you!
* * * LOW HITPOINT WARNING * * *
The cyan ugly thing shocks you!
* * * LOW HITPOINT WARNING * * *
You puncture the cyan ugly thing!
The cyan ugly thing is almost dead.
The cyan ugly thing tentacle-slaps you.
* * * LOW HITPOINT WARNING * * *
The cyan ugly thing shocks you!
You die...

...... ....
......###+#....
...............
...............
...............
...............
....###'#######
. #....#....#
#....#.@..#
#....#u...#
#....'....#
###########


You could see a cyan ugly thing.

Vanquished Creatures
  Gastronok (D:8)
  A two-headed ogre (D:8)
  3 yaks (D:8)
  An acid dragon (D:8)
  2 water moccasins
  An ice beast (D:5)
  A necrophage (D:6)
  2 ogres (D:5)
  2 centaurs
  A kobold brigand (D:8)
  4 bullfrogs
  A scorpion (D:6)
  4 killer bees (D:8)
  A howler monkey (D:5)
  A centaur zombie (D:4)
  A bullfrog zombie (D:5)
  5 hounds
  3 jellies
  2 centaur skeletons
  Crazy Yiuf (D:4)
  An iron imp (D:5)
  3 iguanas
  3 orc wizards
  6 adders
  A white imp (D:7)
  2 ufetubi (D:5)
  3 worms
  A dart slug (D:5)
  14 orcs
  5 bats
  3 endoplasms
  2 giant cockroaches
  9 goblins
  5 hobgoblins
  4 quokkas
  6 ball pythons
  A frilled lizard (D:3)
  8 kobolds
  4 rats
119 creatures vanquished.

Notes
Turn   | Place    | Note
-------+----------+-------------------------------------------
     0 | Abyss:1  | dolemite99 the Merfolk Abyssal Knight began the quest for
                  | the Orb.
     0 | Abyss:1  | Reached XP level 1. HP: 18/18 MP: 2/2
   136 | D:1      | Escaped the Abyss
   478 | D:1      | Reached XP level 2. HP: 18/24 MP: 3/3
   648 | D:1      | Found a faded altar of an unknown god.
   788 | D:2      | Reached skill level 4 in Polearms
   816 | D:2      | Reached * piety under Lugonu
   877 | D:1      | Reached XP level 3. HP: 17/29 MP: 3/5
  2176 | D:3      | Noticed a kobold brigand
  2177 | D:3      | Found a runed translucent gate.
  2178 | D:3      | Found a runed translucent gate.
  2178 | D:3      | Found a runed translucent gate.
  2178 | D:3      | Noticed sasquatch's ghost (amateur OgHu)
  2216 | D:3      | Found a white marble altar of Elyvilon.
  2303 | D:3      | Found a basalt altar of Yredelemnul.
  2455 | D:3      | Reached skill level 5 in Polearms
  2566 | D:3      | Found a bloodstained altar of Trog.
  2580 | D:3      | Reached XP level 4. HP: 30/35 MP: 6/6
  2647 | D:3      | Noticed Grinder
  3508 | D:4      | Reached skill level 6 in Polearms
  3508 | D:4      | Reached XP level 5. HP: 35/41 MP: 7/7
  3593 | D:4      | Found Sabrugu's Magic Scroll Shop.
  3611 | D:4      | Bought a scroll of blinking for 75 gold pieces
  3611 | D:4      | Bought a scroll of teleportation for 30 gold pieces
  4071 | D:4      | Found a runed translucent door.
  4072 | D:4      | Noticed Crazy Yiuf
  4258 | D:4      | Noticed Eustachio
  4276 | D:5      | Entered Level 5 of the Dungeon
  4276 | D:5      | Noticed an ogre
  4492 | D:5      | Reached skill level 7 in Polearms
  4979 | D:3      | Paralysed by Grinder for 7 turns
  5218 | D:4      | Reached skill level 8 in Polearms
  5332 | D:4      | Killed Crazy Yiuf
  5333 | D:4      | Reached XP level 6. HP: 35/47 MP: 5/8
  5461 | D:5      | Found a sparkling altar of Nemelex Xobeh.
  5467 | D:5      | Reached skill level 9 in Polearms
  5497 | D:5      | Found a staircase to the Ecumenical Temple.
  5584 | D:5      | Noticed an ice beast
  5614 | D:5      | Killed an ice beast
  5615 | D:5      | Reached skill level 10 in Polearms
  5615 | D:5      | Reached XP level 7. HP: 41/52 MP: 7/9
  5685 | D:5      | Reached ** piety under Lugonu
  5686 | D:5      | Reached skill level 11 in Polearms
  6087 | D:5      | Found a snail-covered altar of Cheibriados.
  6564 | D:6      | Reached skill level 12 in Polearms
  6649 | D:6      | Found an opulent altar of Gozag.
  6752 | D:6      | Reached XP level 8. HP: 58/58 MP: 10/10
  6866 | D:6      | Reached skill level 1 in Armour
  7641 | D:7      | Reached skill level 13 in Polearms
  8109 | D:8      | Noticed a two-headed ogre
  8116 | D:8      | Killed a two-headed ogre
  8117 | D:8      | Reached skill level 15 in Polearms
  8117 | D:8      | Reached XP level 9. HP: 52/64 MP: 9/11
  8330 | D:8      | Reached skill level 16 in Polearms
  8470 | D:8      | Reached skill level 5 in Invocations
  8586 | D:8      | Noticed Gastronok
  8595 | D:8      | Killed Gastronok
  8596 | D:8      | Reached XP level 10. HP: 60/70 MP: 11/16
  9349 | D:9      | You fall into a shaft and drop 3 floors!
  9357 | D:12     | Noticed a cyan ugly thing
  9384 | D:12     | HP: 2/70 [cyan ugly thing (14)]
  9385 | D:12     | Demolished by a cyan ugly thing

Illustrated notes

Levels and vault maps discovered:
D:1:      erik_arrival_blinker_ship, layout_rooms,
          shapermc_ecumenical_altar_petra
D:2:      layout_loops_cross
D:3:      layout_loops_ring, bloody_trog, kennysheep_ying_yang,
          gammafunk_ghost_nasty_kobolds, grunt_ministairs_12, uniq_grinder
D:4:      layout_basic, serial_shops, shop, uniq_crazy_yiuf_cottage,
          uniq_eustachio
D:5:      layout_basic, chei_slow_surprise,
          mainiacjoe_overflow_concentric_impassable,
          minmay_temple_entry_statues_pillars, kennysheep_generic_room_3
D:6:      layout_cave_pods, lemuel_tele_altar
D:7:      layout_loops_ring
D:8:      nicolae_cairo_tiling_very_big, layout_loops_ring, serial_glass,
          glass_columns_b, glass_columns_b, glass_columns_a, uniq_gastronok
D:9:      layout_loops_cross, mainiacjoe_overflow_surrounded_room,
          lair_entry_dummy
D:12:     layout_gridville, uniq_frances

Skill      XL: |  1  2  3  4  5  6  7  8  9 |
---------------+----------------------------+-----
Polearms       | 4 5 6 8 10 12 15 16 | 16.0
Invocations    | 3 9 |  9.9
Armour         | 1 |  1.5
Fighting       | |  3.2
Dodging        | |  2.6

Action                   |  1- 3 |  4- 6 |  7- 9 | 10-12 || total
-------------------------+-------+-------+-------+-------++-------
Melee: Spear             |   131 |    70 |   107 |       ||   308
       Punch             |     1 |     2 |       |       ||     3
       Dagger            |       |    89 |    11 |       ||   100
       Halberd           |       |       |    76 |    44 ||   120
 Fire: Hunting sling     |       |     4 |       |       ||     4
Invok: Depart the Abyss  |     1 |       |       |       ||     1
Evoke: Wand              |       |     5 |    12 |     2 ||    19
  Use: Scroll            |     3 |     4 |     9 |     1 ||    17
       Potion            |       |     1 |     2 |     2 ||     5
 Stab: Sleeping          |     1 |       |       |       ||     1
       Invisible         |       |       |     1 |       ||     1
       Distracted        |       |       |     1 |       ||     1
Armor: Leather armour    |    20 |       |       |       ||    20
       Ring mail         |     7 |    15 |       |       ||    22
       Plate armour      |       |    87 |    86 |    23 ||   196
Dodge: Dodged            |    78 |    53 |    32 |    12 ||   175
Block: Buckler           |       |    14 |    10 |       ||    24
